 Dungeon Crawl Stone Soup version 0.16-a0-3699-g1c51eb1 (webtiles) character file.

126 vatarom the Caller (level 4, -4/30 HPs)
             Began as a Mummy Summoner on Jan 18, 2015.
             Killed from afar by Sigmund (13 damage)
             ... with a puff of flame
             ... on level 2 of the Dungeon.
             The game lasted 00:07:12 (2852 turns).

vatarom the Caller (Mummy Summoner)                 Turns: 2852, Time: 00:07:12

Health: -4/30      AC:  5    Str: 11    XL:     4   Next: 83%
Magic:  1/7        EV: 12    Int: 18    God:
Gold:   77         SH:  0    Dex: 12    Spells: 3 memorised, 1 level left

rFire  x . .     SeeInvis .     e - +1 whip (vamp)
rCold  + . .     Clarity  .     a - +2 robe
rNeg   + + +     SustAb   .     (no shield)
rPois  ∞         Gourm    .     (no helmet)
rElec  .         Spirit   .     i - +0 cloak
rCorr  .         Warding  .     (no gloves)
rMut   .         Stasis   .     (no boots)
MR     .....                    (no amulet)
Stlth  ++........               (no ring)
                                d - +3 ring of intelligence

@: not resistant to hostile enchantments, unstealthy
A: no food or potions, fire vulnerability, restore body, cold resistance 1,
negative energy resistance 3, poison resistance, torment resistance, unbreathing
a: no special abilities


You were on level 2 of the Dungeon.
You were not hungry.

You visited 1 branch of the dungeon, and saw 3 of its levels.

You collected 77 gold pieces.

Inventory:

Hand weapons
 e - a +1 vampiric whip (weapon)
 h - a +3 quarterstaff of chaos
Armour
 a - a +2 robe (worn)
 i - a +0 cloak (worn)
Jewellery
 d - a +3 ring of intelligence (left hand)
Magical devices
 g - a wand of fireball (5)
Scrolls
 c - a scroll of enchant armour
 f - a scroll of identify
Books
 b - a book of Callings

   Spells                             Type                      Level
   a - Summon Small Mammal            Summoning                    1
   b - Call Imp                       Summoning                    2
   c - Call Canine Familiar           Summoning                    3
   d - Summon Guardian Golem          Hexes/Summoning              4
   e - Summon Lightning Spire         Summoning/Air                4
   f - Summon Ice Beast               Ice/Summoning                4


   Skills:
 - Level 1.5 Dodging
 - Level 1.5 Stealth
 - Level 2.0 Spellcasting
 + Level 5.1 Summonings


You had one spell level left.
You knew the following spells:

 Your Spells              Type           Power        Failure   Level  Hunger
a - Summon Small Mammal   Summ           ###.         1%          1    N/A
b - Call Imp              Summ           ###.....     3%          2    N/A
c - Call Canine Familiar  Summ           ###.....     10%         3    N/A

Dungeon Overview and Level Annotations

Branches:
Dungeon (3/15)

Altars:

Annotations:
D:2 Sigmund


Innate Abilities, Weirdness & Mutations

You do not eat or drink.
Your flesh is vulnerable to fire.
Your flesh is cold resistant.
You are immune to negative energy.
Your system is resistant to poisons.
You are immune to unholy pain and torment.
You can survive without breathing.


Message History

You don't have enough magic to cast that spell.
Casting: Call Imp
Confirm with . or Enter, or press ? or * to list all spells.
A beastly little devil appears in a puff of flame.
Sigmund casts a spell at you. You resist with some effort.
Your crimson imp blinks!
Sigmund casts a spell.
Sigmund is suddenly surrounded by pale green light.
You swap places.
Sigmund gestures at you while chanting.
Your crimson imp appears confused.
Sigmund looks at you with fury.
Casting: Call Imp
Confirm with . or Enter, or press ? or * to list all spells.
Your rat bites Sigmund but does no damage.
Your rat closely misses Sigmund.
Sigmund gestures at you while chanting. The puff of flame hits you!
The fire burns you terribly!
You die...

##♣.♣♣.......@.....#
.##.#.##########...#
.##.#.# #...#
.##.#@# #.÷.#
.##.#.# #.r.#
....#.# #@..#
..###.# #...#
..###.# #...#
......# #@..#
################...#
#...........))....#
#.##############.##
#.# #.# #.# #.# #.#
#.# #.# #.#### #.#
#....#


You could see Sigmund and a friendly rat.

Vanquished Creatures
  A gnoll (D:1)
  A giant mite (D:2)
  A giant cockroach (D:2)
  3 goblins
  A hobgoblin (D:1)
  2 jackals (D:2)
  3 bats (D:2)
  2 giant newts (D:1)
  5 kobolds
  A quokka (D:2)
  5 rats
25 creatures vanquished.

Vanquished Creatures (collateral kills)
  Crazy Yiuf (D:2)
  7 gnolls (D:2)
  3 adders
  A giant mite (D:2)
  A worm (D:2)
  A bat (D:1)
  2 hobgoblins
  4 jackals
  A kobold (D:1)
  2 giant newts
  2 goblins (D:1)
25 creatures vanquished.

Vanquished Creatures (others)
  2 crimson imps (D:2)
  3 hounds
  An iron imp (D:3)
  A shadow imp (D:2)
  3 quokkas
  5 bats (D:1)
  7 rats (D:1)
22 creatures vanquished.

Grand Total: 72 creatures vanquished

Notes
Turn   | Place    | Note
--------------------------------------------------------------
     0 | D:1      | vatarom, the Mummy Summoner, began the quest for the Orb.
     0 | D:1      | Reached XP level 1. HP: 13/13 MP: 3/3
   340 | D:1      | Reached XP level 2. HP: 13/19 MP: 2/4
   688 | D:1      | Learned a level 2 spell: Call Imp
   819 | D:1      | Reached skill level 4 in Summonings
  1028 | D:1      | Reached XP level 3. HP: 7/24 MP: 1/6
  1112 | D:1      | Learned a level 3 spell: Call Canine Familiar
  1743 | D:2      | Reached XP level 4. HP: 16/30 MP: 5/7
  1978 | D:2      | Noticed Crazy Yiuf
  2068 | D:2      | HP: 1/30 [Crazy Yiuf/quarterstaff of chaos (4)]
  2086 | D:2      | Killed Crazy Yiuf
  2517 | D:3      | Noticed Sigmund
  2701 | D:2      | Reached skill level 5 in Summonings
  2852 | D:2      | Killed from afar by Sigmund

Action                   |  1- 3 |  4- 6 || total
-------------------------+-------+-------++-------
Melee: Whip              |    73 |    40 ||   113
       Unarmed           |     5 |       ||     5
 Cast: Summon Small Mamm |    23 |     3 ||    26
       Call Canine Famil |     5 |     7 ||    12
       Call Imp          |     3 |     9 ||    12
  Use: Scroll            |     7 |     1 ||     8
 Stab: Sleeping          |     1 |       ||     1
